 Dungeon Crawl Stone Soup version 0.30-a0-341-g682706514a (webtiles) character file.

Game seed: 37740469141779161

12338 ytrimaz the Warrior (level 11, 0/198 HPs)
             Began as an Ogre Berserker on Nov 4, 2022.
             Was a High Priest of Trog.
             Slain by a sixfirhy (7 damage)
             ... summoned by a kobold demonologist
             ... on level 14 of the Dungeon.
             The game lasted 00:16:17 (12705 turns).

ytrimaz the Warrior (Ogre Berserker)               Turns: 12705, Time: 00:16:18

Health: 0/198      AC: 17    Str: 27      XL:     11   Next: 91%
Magic:  11/11      EV:  9    Int:  8      God:    Trog [*****.]
Gold:   1271       SH:  0    Dex:  5 (8)  Spells: 10/10 levels left

rFire   . . .      SeeInvis .    u - +0 giant club (drain)
rCold   . . .      Faith    .    (shield currently unavailable)
rNeg    + . .      Spirit   .    x - +2 acid dragon scales
rPois   .          Reflect  .    (helmet restricted)
rElec   .          Harm     .    (no cloak)
rCorr   +          Rampage  .    (gloves unavailable)
Will    +....                    (boots unavailable)
Stlth   ..........               (no amulet)
HPRegen 0.53/turn                H - +4 ring of protection
MPRegen 0.12/turn                i - ring of Koqettia {rN+ AC+4}

@: berserking (expiring), spiked, very quick
A: large, unfitting armour, tough skin 1
a: Renounce Religion, Berserk, Trog's Hand, Brothers in Arms


You were on level 14 of the Dungeon.
You worshipped Trog.
Trog was extremely pleased with you.
You visited 1 branch of the dungeon, and saw 13 of its levels.
You also visited: Sewer.

You collected 1271 gold pieces.


Innate Abilities, Weirdness & Mutations

You are too large for most types of armour.
You have tough skin. (AC +1)


   Skills:
 - Level 15.0 Fighting
 + Level 13.9 Maces & Flails
 - Level 2.6 Dodging


You had 10 spell levels left.
You didn't know any spells.
Your spell library was empty.

Inventory:

Hand Weapons
 b - a +4 giant spiked club
   (You took it off an ogre on level 7 of the Dungeon)
 u - a +0 giant club of draining (weapon)
   (You took it off an ogre on level 5 of the Dungeon)
 w - a +1 flail of holy wrath
   (You found it on level 6 of the Dungeon)
Missiles
 a - 4 curare-tipped darts
 q - 11 boomerangs (quivered)
 D - 42 poisoned darts
Armour
 o - a +0 troll leather armour
   (You found it on level 7 of the Dungeon)
 x - +2 acid dragon scales (worn)
   (You took it off Maggie on level 8 of the Dungeon)
Jewellery
 d - a ring of protection from fire
   (You found it on level 1 of the Dungeon)
 i - the ring of Koqettia (right hand) {rN+ AC+4}
   (You found it on level 4 of the Dungeon)

   [ring of protection]

   AC:        It affects your AC (+4).
   rN:        It protects you from negative energy.
 l - an amulet of guardian spirit
   (You found it on level 11 of the Dungeon)
 n - a +6 ring of strength
   (You found it on level 7 of the Dungeon)
 C - a ring of see invisible
   (You found it on level 9 of the Dungeon)
 H - a +4 ring of protection (left hand)
   (You found it on level 9 of the Dungeon)
 J - a ring of poison resistance
   (You found it on level 11 of the Dungeon)
Wands
 r - a wand of roots (18)
   (You took it off Ijyb on level 5 of the Dungeon)
 E - a wand of flame (16)
   (You found it on level 8 of the Dungeon)
 K - a wand of digging (3)
   (You found it on level 11 of the Dungeon)
 L - a wand of light (5)
   (You found it on level 14 of the Dungeon)
Scrolls
 c - 2 scrolls of blinking
 e - a scroll of magic mapping
 g - 2 scrolls of fear
 h - 2 scrolls of enchant armour
 m - 5 scrolls of teleportation
 p - a scroll of poison
 y - a scroll of summoning
 F - a scroll of butterflies
 G - 2 scrolls of identify
 I - a scroll of torment
Potions
 f - 3 potions of brilliance
 j - 2 potions of attraction
 k - 3 potions of mutation
 s - 4 potions of curing
 t - 2 potions of heal wounds
 v - a potion of berserk rage
 z - 4 potions of haste
 A - 4 potions of might
 B - a potion of magic

Dungeon Overview and Level Annotations

Branches:
Dungeon (12/15) Zot: 26392  Temple (0/1) D:4            Lair (0/5) D:10
  Sewer (visited)
    Orc: D:9-12

Altars:
Fedhas
Kikubaaqudgha
Nemelex Xobeh
Qazlal
Sif Muna
Vehumet
Xom
Yredelemnul
Zin

Annotations:
D:14 Jorgrun

........## ##.............K
.........###...............
..........#............K...
......................K5...
......................5...#
...............K......K...#
..............§.K........##
..............K3##......##
#...##.....#..§K@#.#..#.#
#...#.#...#...§.§##..## .#
################## ### #


You could see a sixfirhy (summoned), 2 kobold brigands and a kobold.


Message History

Unknown command.
You hit the kobold demonologist.
Unknown command.
You barely miss the kobold demonologist.
The red devil barely misses you.
The quasit bites you but does no damage.
The quasit claws you but does no damage. x2
The kobold brigand hits you but does no damage.
The sixfirhy hits you but does no damage.
The kobold demonologist hits you but does no damage.
Unknown command.
You closely miss the kobold demonologist.
The sixfirhy hits you!
* * * LOW HITPOINT WARNING * * *
The sixfirhy shocks you!
* * * LOW HITPOINT WARNING * * *
The sixfirhy hits you but does no damage.
The quasit closely misses you.
The quasit claws you but does no damage. x2
The red devil hits you from afar with a +0 trident!
* * * LOW HITPOINT WARNING * * *
Barbed spikes become lodged in your body. 😨 HP[-33]
You take 33 damage, and now have 57/198 hp.
Unknown command.
You closely miss the kobold demonologist.
The sixfirhy hits you.
* * * LOW HITPOINT WARNING * * *
The sixfirhy shocks you!
* * * LOW HITPOINT WARNING * * *
The sixfirhy hits you but does no damage.
The kobold brigand hits you but does no damage.
The kobold demonologist closely misses you.
The quasit bites you but does no damage.
The quasit claws you.
* * * LOW HITPOINT WARNING * * *
The quasit closely misses you.
The sixfirhy hits you but does no damage. 😱 HP[-15]
You take 15 damage, and now have 42/198 hp.
Unknown command.
You miss the kobold demonologist. The sixfirhy hits you.
* * * LOW HITPOINT WARNING * * *
The sixfirhy shocks you!
* * * LOW HITPOINT WARNING * * *
The red devil barely misses you. The sixfirhy barely misses you.
The kobold brigand hits you but does no damage.
The kobold demonologist hits you but does no damage.
The quasit closely misses you.
The quasit claws you but does no damage.
The quasit barely misses you. 😱 HP[-13]
You take 13 damage, and now have 29/198 hp.
Unknown command.
You completely miss the kobold demonologist.
The red devil hits you from afar with a +0 trident.
* * * LOW HITPOINT WARNING * * *
Barbed spikes become lodged in your body. 😱 HP[-3]
You take 3 damage, and now have 26/198 hp.
Unknown command.
You thump the kobold demonologist! You drain the kobold demonologist.
The quasit bites you.
* * * LOW HITPOINT WARNING * * *
The quasit claws you but does no damage.
The quasit barely misses you.
The kobold demonologist closely misses you.
The kobold brigand hits you with a +0 dagger.
* * * LOW HITPOINT WARNING * * *
😱 HP[-7]
You take 7 damage, and now have 19/198 hp.
Unknown command.
You barely miss the kobold demonologist.
The quasit barely misses you.
The quasit claws you but does no damage.
The quasit closely misses you. The red devil barely misses you.
Unknown command.
You barely miss the kobold demonologist.
The kobold brigand hits you but does no damage.
The kobold demonologist miscasts a cantrip.
Unknown command.
You sock the kobold demonologist!
You kill the kobold demonologist!
Trog accepts your kill.
Trog appreciates your killing of a magic user.
The red devil disappears in a puff of smoke!
The iron imp disappears in a puff of smoke!
The quasit disappears in a puff of smoke!
The sixfirhy disappears in a puff of smoke!
The sixfirhy hits you.
* * * LOW HITPOINT WARNING * * *
The sixfirhy shocks you!
* * * LOW HITPOINT WARNING * * *
😱 HP[-12]
You take 12 damage, and now have 7/198 hp.
Unknown command.
Unknown command.
Unknown command.
You barely miss the kobold brigand. The sixfirhy hits you!
You die...

Skill      XL: |  1  2  3  4  5  6  7  8  9 10 11 |
---------------+----------------------------------+-----
Maces & Flails | 3 4 5 6 7 10 11 13 | 13.9
Fighting       | 5 6 7 9 10 12 14 15 | 15.0
Dodging        | |  2.6

Action                   |  1- 3 |  4- 6 |  7- 9 | 10-12 || total
-------------------------+-------+-------+-------+-------++-------
Melee: Mace              |    69 |   204 |    42 |       ||   315
       Giant club        |       |       |   362 |   403 ||   765
       Punch             |       |       |     1 |       ||     1
       Flail             |       |       |     1 |       ||     1
Invok: Berserk           |     2 |     4 |     4 |     9 ||    19
       Trog's Hand       |       |       |     3 |     1 ||     4
       Brothers in Arms  |       |       |     2 |     1 ||     3
  Use: Scroll            |     5 |     2 |    17 |     9 ||    33
       Potion            |       |       |     2 |     2 ||     4
 Stab: Sleeping          |     1 |       |       |       ||     1
Armor: Animal skin       |    25 |    51 |   275 |       ||   351
       Skin              |       |       |   145 |    23 ||   168
       Troll leather arm |       |       |    27 |    61 ||    88
       Acid dragon scale |       |       |       |   282 ||   282
Dodge: Dodged            |    45 |   123 |   403 |   305 ||   876

Levels and vault maps discovered:
D:1:      saegor_arrival_miasma, layout_rooms,
          hellmonk_ecumenical_altar_leap_of_faith, chequers_mini_garden
D:2:      layout_basic, basic_altar
D:3:      layout_loops_corners
D:4:      layout_loops_ring, minmay_temple_entry_tees, minivault_25, uniq_robin,
          uniq_menkaure
D:5:      layout_basic, zin_treasury, nicolae_vehumet_altar_sigil,
          grunt_temple_overflow_open, serial_park_tiny_1, minmay_misc_feat_five,
          uniq_ijyb
D:6:      layout_rooms, led_xom_imps, gup_sewer_entry_pipe
D:7:      layout_basic, mainiacjoe_overflow_chevrons,
          mainiacjoe_overflow_boulevard, uniq_prince_ribbit1, uniq_duvessa
D:8:      layout_loops_ring, uniq_maggie
D:9:      layout_layer_cave
D:10:     layout_roguey, nemelex_spade_bored_becter, lair_entry_dummy,
          item_on_display_a
D:11:     layout_irregular_city, serial_ice, serial_ice_d, serial_ice_k,
          serial_ice_c, serial_ice_e, portal_ice_cave_entry_ice_simulacra,
          uniq_sonja
D:12:     layout_rooms, erik_orc_4, minmay_misc_feat_four_crosses
D:14:     layout_big_octagon, nicolae_figureground_pulse,
          ebering_ghost_funeral_grove, uniq_jorgrun

Notes
Turn   | Place    | Note
-------+----------+-------------------------------------------
     0 | D:1      | ytrimaz the Ogre Berserker began the quest for the Orb.
     0 | D:1      | Reached XP level 1. HP: 24/24 MP: 1/1
     0 | D:1      | magus.rc [v1.9.6]
    47 | D:1      | Reached XP level 2. HP: 22/33 MP: 2/2
    49 | D:1      | Reached skill level 3 in Maces & Flails
   372 | D:1      | Reached XP level 3. HP: 41/41 MP: 3/3
   528 | D:1      | Found a faded altar of an unknown god.
   586 | D:2      | Noticed a black bear
   597 | D:2      | Killed a black bear
   598 | D:2      | Reached skill level 5 in Fighting
   598 | D:2      | Reached skill level 4 in Maces & Flails
   598 | D:2      | Reached XP level 4. HP: 43/52 MP: 4/4
   598 | D:2      | Reached XP level 5. HP: 48/59 MP: 5/5
   601 | D:2      | Reached skill level 6 in Fighting
   742 | D:2      | Found a stormy altar of Qazlal.
   863 | D:2      | Reached ** piety under Trog
  1942 | D:3      | Reached XP level 6. HP: 63/68 MP: 6/6
  2511 | D:4      | Noticed Robin
  2515 | D:4      | Reached skill level 7 in Fighting
  2523 | D:4      | Killed Robin
  2700 | D:4      | Found a staircase to the Ecumenical Temple.
  2835 | D:4      | HP: 16/71 [gnoll/+0 halberd (9)]
  3020 | D:4      | Reached skill level 5 in Maces & Flails
  3186 | D:4      | Noticed Menkaure
  3194 | D:4      | Killed Menkaure
  3195 | D:4      | Reached XP level 7. HP: 53/79 MP: 7/7
  3428 | D:4      | Identified the ring of Koqettia {rN+ AC+4}
  3462 | D:4      | Reached skill level 8 in Fighting
  3639 | D:5      | Entered Level 5 of the Dungeon
  3717 | D:5      | Found a glowing silver altar of Zin.
  3791 | D:5      | Found a shimmering blue altar of Sif Muna.
  3796 | D:5      | Noticed Ijyb
  3813 | D:5      | Killed Ijyb
  3817 | D:5      | Found a basalt altar of Yredelemnul.
  3817 | D:5      | Found a stormy altar of Qazlal.
  3911 | D:5      | Reached skill level 6 in Maces & Flails
  4037 | D:5      | Reached skill level 9 in Fighting
  4210 | D:5      | Reached XP level 8. HP: 88/92 MP: 8/8
  4284 | D:5      | Found a radiant altar of Vehumet.
  4638 | D:6      | Reached *** piety under Trog
  4846 | D:6      | Reached skill level 10 in Fighting
  4846 | D:6      | Reached skill level 7 in Maces & Flails
  4933 | D:6      | Found a shimmering altar of Xom.
  5065 | D:6      | Found a glowing drain.
  5087 | Sewer    | Entered a sewer
  5498 | Sewer    | HP: 24/96 [ball python (3)]
  5500 | Sewer    | HP: 11/96 [rat (3)]
  5501 | Sewer    | HP: 5/96 [river rat (6)]
  5508 | Sewer    | HP: 20/144 [ball python (1)]
  5514 | Sewer    | HP: 26/144 [rat (1)]
  5520 | Sewer    | HP: 33/144 [rat (1)]
  5565 | Sewer    | Reached **** piety under Trog
  5797 | Sewer    | Reached XP level 9. HP: 84/102 MP: 9/9
  5812 | Sewer    | Reached skill level 11 in Fighting
  6408 | D:7      | Noticed Prince Ribbit
  6419 | D:7      | Killed Prince Ribbit
  6420 | D:7      | Reached skill level 8 in Maces & Flails
  6543 | D:7      | Noticed Dowan
  6583 | D:7      | Reached skill level 12 in Fighting
  6584 | D:7      | Killed Dowan
  6617 | D:7      | Noticed a troll
  6623 | D:7      | Killed a troll
  6624 | D:7      | Reached skill level 9 in Maces & Flails
  6624 | D:7      | Found a blossoming altar of Fedhas.
  7053 | D:7      | Noticed Duvessa
  7057 | D:7      | Killed Duvessa
  7194 | D:7      | Reached skill level 10 in Maces & Flails
  7215 | D:7      | Reached XP level 10. HP: 87/115 MP: 10/10
  7445 | D:7      | Found an ancient bone altar of Kikubaaqudgha.
  7671 | D:8      | Noticed Maggie
  7682 | D:8      | Killed Maggie
  7838 | D:8      | Reached skill level 11 in Maces & Flails
  7965 | D:8      | Identified a scroll of acquirement
  8092 | D:8      | Acquired 674 gold pieces
  8760 | D:9      | HP: 44/177 [poisoned by a killer bee]
  8773 | D:9      | Reached skill level 13 in Fighting
  9735 | D:10     | Entered Level 10 of the Dungeon
  9946 | D:10     | Reached skill level 14 in Fighting
 10023 | D:10     | Found a sparkling altar of Nemelex Xobeh.
 10060 | D:10     | Reached XP level 11. HP: 70/131 MP: 11/11
 10447 | D:10     | Found a staircase to the Lair.
 10682 | D:11     | Noticed Sonja
 10701 | D:11     | Killed Sonja
 10702 | D:11     | Reached skill level 15 in Fighting
 10702 | D:11     | Reached skill level 12 in Maces & Flails
 11330 | D:11     | Noticed a two-headed ogre
 11333 | D:11     | Noticed a manticore
 11340 | D:11     | Killed a two-headed ogre
 11344 | D:11     | Killed a manticore
 11350 | D:11     | Reached skill level 13 in Maces & Flails
 11399 | D:11     | Found a frozen archway.
 12091 | D:12     | You fall into a shaft and drop 2 floors!
 12129 | D:14     | Noticed Jorgrun
 12133 | D:14     | Reached ***** piety under Trog
 12138 | D:14     | HP: 25/132 [constriction (11)]
 12144 | D:14     | HP: 29/132 [fire bat (shapeshifter) (5)]
 12148 | D:14     | Noticed a deep elf pyromancer
 12691 | D:14     | Noticed a sixfirhy
 12694 | D:14     | Noticed a sixfirhy
 12698 | D:14     | HP: 43/198 [sixfirhy[a kobold demonologist] (12)]
 12701 | D:14     | HP: 19/198 [kobold brigand/+0 dagger (4)]
 12704 | D:14     | HP: 7/198 [sixfirhy[a kobold demonologist] (12)]
 12705 | D:14     | Slain by a sixfirhy

Vanquished Creatures
  A two-headed ogre (D:11)
  Sonja (D:11)
  A manticore (D:11)
  Maggie (D:8)
  A kobold demonologist (D:14)
  A polar bear (D:11)
  5 trolls
  2 meliai (D:14)
  Prince Ribbit (D:7)
  2 shadows (D:11)
  A centaur simulacrum (D:11)
  2 wyverns
  A wraith (D:11)
  9 yaks
  A fire bat (shapeshifter) (D:14)
  2 steam dragons
  2 vampire mosquitoes (D:11)
  Menkaure (D:4)
  An acid dragon (D:10)
  2 water moccasins (D:7)
  2 ice beasts (D:11)
  A sky beast (D:7)
  2 black bears
  3 orc warriors
  3 ogres
  A wolf (D:11)
  3 centaurs
  A phantom (D:6)
  6 kobold brigands
  A scorpion (D:5)
  2 bullfrogs (D:7)
  A necrophage (D:7)
  A two-headed ogre simulacrum (D:11)
  A gnoll sergeant (D:10)
  6 wights
  Dowan (D:7)
  10 killer bees
  An electric eel (D:11)
  4 howler monkeys
  4 crimson imps (D:6)
  8 orc priests
  2 hounds
  4 jellies
  Ijyb (D:5)
  4 iguanas
  15 orc wizards
  A spriggan simulacrum (D:11)
  Robin (D:4)
  15 adders
  12 gnolls
  2 naga simulacra (D:11)
  6 river rats (Sewer)
  5 white imps
  An ufetubus (D:6)
  3 worms
  A dart slug (D:4)
  34 orcs
  19 ball pythons
  5 bats
  3 endoplasms
  10 giant cockroaches
  8 goblins
  9 hobgoblins
  35 kobolds
  8 quokkas
  5 frilled lizards
  28 rats
337 creatures vanquished.

Vanquished Creatures (collateral kills)
  Duvessa (D:7)
  5 killer bees
6 creatures vanquished.

Vanquished Creatures (others)
  A white imp (D:11)
1 creature vanquished.

Grand Total: 344 creatures vanquished

Table legend:
 A = Non-vault XP
 B = Vault XP
 C = Vault XP percentage of total XP
 D = Non-vault monster count
 E = Vault monster count
 F = Vault count percentage of total count
                 A         B        C        D         E       F
            +---------+---------+-------+---------+---------+-------
      Total |   13962 |    3664 |  20.8 |     245 |      98 |  28.6
            +---------+---------+-------+---------+---------+-------
        D:1 |      38 |       0 |   0.0 |      23 |       0 |   0.0
        D:2 |     218 |       0 |   0.0 |      22 |       0 |   0.0
        D:3 |     139 |       0 |   0.0 |      20 |       0 |   0.0
        D:4 |     154 |     191 |  55.4 |      15 |       8 |  34.8
        D:5 |     452 |      36 |   7.4 |      11 |       1 |   8.3
        D:6 |     603 |     206 |  25.5 |      16 |      11 |  40.7
        D:7 |    2047 |     464 |  18.5 |      32 |       3 |   8.6
        D:8 |     779 |     389 |  33.3 |      14 |       1 |   6.7
        D:9 |    1445 |       0 |   0.0 |      30 |       0 |   0.0
       D:10 |    2242 |       0 |   0.0 |      34 |       0 |   0.0
       D:11 |    4086 |    1858 |  31.3 |      22 |      13 |  37.1
       D:14 |    1759 |       0 |   0.0 |       6 |       0 |   0.0
      Sewer |       0 |     520 | 100.0 |       0 |      61 | 100.0
            +---------+---------+-------+---------+---------+-------

Illustrated notes

Table legend:
 A = Kills in this place as a percentage of kills in entire the game.
 B = Kills by you in this place as a percentage of kills by you in the entire game.
 C = Kills by friends in this place as a percentage of kills by friends in the entire game.
 D = Other kills in this place as a percentage of other kills in the entire game.
 E = Experience gained in this place as a percentage of experience gained in the entire game.
 F = Experience gained in this place divided by the number of levels of this place that you have seen.
                   A       B       C       D       E      F
               +-------+-------+-------+-------+-------+----------------------
         Total | 100.0 | 100.0 | 100.0 |   N/A | 100.0 | 1259.0
       Dungeon |  82.2 |  81.9 | 100.0 |   N/A |  97.0 | 1315.8
         Sewer |  17.8 |  18.1 |   0.0 |   N/A |   3.0 | 520.0
               +-------+-------+-------+-------+-------+----------------------

Table legend: (Time is in decaauts)
 A = Elapsed time spent in this place.
 B = Non-inter-level travel time spent in this place.
 C = Inter-level travel time spent in this place.
 D = Time resting spent in this place.
 E = Time spent auto-exploring this place.
 F = Levels seen in this place.
 G = Mean time per level.
                   A        B        C        D        E       F      G
               +--------+--------+--------+--------+--------+-----+--------+
         Total |  13012 |  12823 |    189 |    528 |   9635 |  14 |  929.4 |
       Dungeon |  11780 |  11591 |    189 |    516 |   8884 |  13 |  906.2 |
         Sewer |   1232 |   1232 |      0 |     12 |    750 |   1 | 1232.0 |
               +--------+--------+--------+--------+--------+-----+--------+

Top non-repeatable levels by time:
    D:11: 1440 daAuts
     D:9: 1323 daAuts
     D:7: 1270 daAuts
   Sewer: 1232 daAuts
     D:4: 1183 daAuts
     D:3: 1092 daAuts
    D:10: 944 daAuts
     D:5: 919 daAuts
     D:2: 899 daAuts
     D:8: 760 daAuts
     D:6: 755 daAuts
    D:14: 606 daAuts
     D:1: 572 daAuts
    D:12: 12 daAuts
